AoeStats
← 柠檬头的喜悦

African Clearing

510401503Analyzed
4v4 RM · 21h ago on Sep 30, 2026· 23m 25s· 8 players
Game mode
Random Map
Map size
Large (8 player)
Population
200
Speed
Normal
Resources
Standard
Victory
Conquest
Starting age
Dark Age
Ending age
Imperial Age
RankedLock teamsTeams togetherTeam positionsShared explorationLock speedFull tech treeHidden civsTurbo modeCheats
Victory
Defeat
🇧🇷 Goths · Brazil
1525
+16
🇮🇹 Mapuche · Italy
1496
+18
🇧🇷 Dravidians · Brazil
1482
+18
🇨🇴 Vietnamese · Colombia
1419
+21
🇨🇳 Burgundians · China
1646
-23
🇨🇳 Huns · China
1572
-20
🇨🇳 Mongols · China
1499
-17
🇨🇳 Turks · China
1410
-13
HUGO
3:42 Loom
4:12 Loom
12:40 Feudal Age
18:00 Castle Age
15:51 Double-Bit Axe
20:53 Bow Saw
20:44 Horse Collar
Saruman 117
4:24 Loom
13:06 Feudal Age
17:07 Castle Age
15:52 Double-Bit Axe
15:59 Fletching
16:47 Stone Mining
GdR_Tuna
14:00 Feudal Age
16:03 Double-Bit Axe
16:28 Loom
18:43 Castle Age
18:52 Castle Age
21:10 Fletching
21:24 Padded Archer Armor
Wise™
11:52 Feudal Age
10:09 Loom
12:26 Double-Bit Axe
20:30 Castle Age
19:16 Horse Collar
20:43 Gold Mining
21:28 Pikeman
22:43 Squires
93老玩家回归
11:50 Feudal Age
14:00 Loom
15:11 Double-Bit Axe
18:01 Castle Age
16:30 Fletching
18:19 Padded Archer Armor
乐邦
13:41 Feudal Age
12:23 Loom
17:25 Castle Age
19:20 Forging
20:26 Bloodlines
20:44 Horse Collar
22:53 Double-Bit Axe
Daily
12:02 Feudal Age
11:47 Double-Bit Axe
12:22 Loom
16:57 Forging
16:41 Horse Collar
19:05 Wheelbarrow
18:42 Scale Barding Armor
22:05 Bow Saw
21:57 Gold Mining
24:10 Castle Age
23:09 Heavy Plow
23:46 Gold Shaft Mining
23:18 Stone Mining
柠檬头的喜悦
5:32 Loom
12:04 Feudal Age
12:41 Double-Bit Axe
15:26 Forging
15:06 Horse Collar
16:13 Town Watch
19:50 Wheelbarrow
19:56 Bloodlines
23:53 Castle Age
22:15 Gold Mining
Connection lost

Rejoining the realm…

Still unreachable

The connection could not be restored.

Session expired

The server has moved on; the page needs a fresh start.